AoeStats
← HK | Jai Guru Deva

Glade

510440891Analyzed
1v1 RM · 2d ago on Oct 1, 2026· 38m 13s· 2 players
Game mode
Random Map
Map size
Tiny (2 player)
Population
200
Speed
Normal
Resources
Standard
Victory
Conquest
Starting age
Dark Age
Ending age
Imperial Age
RankedLock teamsTeams togetherTeam positionsShared explorationLock speedFull tech treeHidden civsTurbo modeCheats
Victory
Defeat
🇨🇳 Sicilians · China
1452
+13
🇲🇽 Persians · Mexico
1388
-13
Lionheart
8:00 Loom
10:25 Feudal Age
12:41 Horse Collar
12:50 Double-Bit Axe
20:29 Castle Age
23:24 Scale Mail Armor
26:24 Wheelbarrow
27:37 Heavy Plow
28:27 Bow Saw
33:00 Imperial Age
31:14 Forging
31:19 Fletching
31:45 Chain Mail Armor
31:41 Gold Mining
32:03 Arson
32:19 Squires
33:56 Iron Casting
34:19 Plate Mail Armor
35:57 Blast Furnace
36:12 Elite Serjeant
38:04 Gold Shaft Mining
37:21 Stone Mining
37:55 Bodkin Arrow
HK | Jai Guru Deva
4:51 Loom
14:00 Feudal Age
18:02 Castle Age
16:28 Double-Bit Axe
17:42 Horse Collar
25:56 Wheelbarrow
29:53 Bow Saw
29:43 Heavy Plow
30:45 Heavy Plow
30:35 Gold Mining
31:57 Scale Barding Armor
32:02 Forging
33:12 Chain Barding Armor
37:18 Imperial Age
38:37 Chemistry
Connection lost

Rejoining the realm…

Still unreachable

The connection could not be restored.

Session expired

The server has moved on; the page needs a fresh start.